 Dungeon Crawl Stone Soup version 0.28.0-53-g5a82cb258f (webtiles) character file.

Game seed: 15954486826280655148

676 Descartes the Shield-Bearer (level 7, -1/52 HPs)
             Began as a Formicid Fighter on Aug 14, 2022.
             Was an Initiate of Gozag.
             Slain by a black bear (2 damage)
             ... on level 5 of the Dungeon.
             The game lasted 00:08:07 (5201 turns).

Descartes the Shield-Bearer (Formicid Fighter)      Turns: 5201, Time: 00:08:07

Health: -1/52      AC: 10    Str: 20    XL:     7   Next: 91%
Magic:  11/11      EV:  9    Int: 16    God:    Gozag
Gold:   268        SH:  5    Dex: 10    Spells: 8/11 levels left

rFire   . . .      SeeInvis +   a - +0 war axe
rCold   . . .      Faith    .   c - +0 buckler
rNeg    . . .      Spirit   .   b - +0 scale mail
rPois   .          Reflect  .   (helmet unavailable)
rElec   .          Harm     .   i - +0 cloak
rCorr   .          Rampage  .   s - +1 pair of gloves
Will    .....                   (no boots)
Stlth   ..........              (no amulet)
HPRegen 0.17/turn               x - +6 ring of intelligence
MPRegen 0.12/turn               (no ring)

@: no status effects
A: permanent stasis, dig shafts and tunnels, antennae 3, four strong arms
a: Dig, Shaft Self, Renounce Religion, Potion Petition, Call Merchant, Bribe
Branch


You were on level 5 of the Dungeon.
You worshipped Gozag.
Gozag was aware of your devotion.
You visited 2 branches of the dungeon, and saw 6 of its levels.

You collected 327 gold pieces.
You paid 59 gold pieces to Gozag.

Inventory:

Hand Weapons
 a - a +0 war axe (weapon)
Missiles
 n - 103 stones
 q - a throwing net
 u - 49 arrows
 v - 33 sling bullets
 w - 9 poisoned darts
Armour
 b - a +0 scale mail (worn)
 c - a +0 buckler (worn)
 i - a +0 cloak (worn)
 s - a +1 pair of gloves (worn)
Jewellery
 e - a ring of ice
 x - a +6 ring of intelligence (left hand)
Scrolls
 d - a scroll of magic mapping {unknown}
 f - 2 scrolls of teleportation {unknown}
 g - a scroll of identify {unknown}
 h - 3 scrolls of enchant armour {unknown}
 j - 2 scrolls of fog {unknown}
 l - 3 scrolls of silence {unknown}
 o - 2 scrolls of blinking {unknown}
 r - a scroll of noise {unknown}
Potions
 k - 2 potions of lignification {unknown}
 m - a potion of invisibility {unknown}
 p - 2 potions of might
 t - a potion of haste {unknown}
 z - a potion of degeneration {unknown}


   Skills:
 - Level 3.2 Fighting
 + Level 3.6(4.5) Axes
 + Level 2.6(3.6) Maces & Flails
 + Level 2.6(3.6) Polearms
 + Level 4.6 Armour
 + Level 5.0 Shields
 + Level 2.8 Spellcasting
 + Level 2.5 Translocations


You had 8 spell levels left.
You knew the following spells:

 Your Spells              Type           Power      Damage    Failure   Level
a - Teleport Other        Tloc           10%        N/A       56%         3

Your spell library contained the following spells:

 Spells                   Type           Power      Damage    Failure   Level
 Gell's Gravitas          Tloc           10%        N/A       56%         3
 Lesser Beckoning         Tloc           10%        N/A       56%         3
 Ensorcelled Hibernation  Hex/Ice        4%         N/A       67%         2
 Spider Form              Tmut/Pois      2%         N/A       88%         3
 Anguish                  Hex/Necr       1%         N/A       99%         4


Dungeon Overview and Level Annotations

Branches:
Dungeon (5/15)             Temple (1/1) D:4

Altars:
Elyvilon
Fedhas
Gozag
Hepliaklqana
Kikubaaqudgha
Okawaru
Ru
Sif Muna
Trog
Uskayaw
Wu Jian
Yredelemnul
The Shining One

Shops:
D:2 !

Annotations:
D:5 2 transporters, Moto's ghost, novice MiBe


Innate Abilities, Weirdness & Mutations

You cannot be hasted, slowed, berserked, paralysed or teleported.
You can dig through walls and to a lower floor.
You have a pair of large antennae on your head. (SInv)
Your four strong arms can wield two-handed weapons with a shield.


Message History

The black bear is moderately wounded.
The black bear closely misses you.
The black bear claws you but does no damage. x2
You slash the black bear!
The black bear is severely wounded.
You block the black bear's attack. The black bear barely misses you.
The black bear claws you but does no damage.
You block the black bear's attack. x2
The black bear claws you but does no damage.
You hit the black bear.
The black bear is almost dead.
You block the black bear's attack.
The black bear claws you but does no damage.
The black bear claws you.
You hit the black bear but do no damage.
The black bear is almost dead.
The black bear closely misses you. x2; You block the black bear's attack.
You hit the black bear but do no damage.
The black bear is almost dead.
The black bear goes berserk!
The black bear barely misses you.
The black bear claws you but does no damage. x2
You barely miss the black bear.
The black bear is almost dead.
The black bear bites you!
The black bear claws you but does no damage.
The black bear barely misses you. The black bear bites you!
* * * LOW HITPOINT WARNING * * *
The black bear barely misses you. You block the black bear's attack.
You hit the black bear.
The black bear is almost dead.
The black bear bites you.
* * * LOW HITPOINT WARNING * * *
The black bear claws you.
* * * LOW HITPOINT WARNING * * *
The black bear claws you.
* * * LOW HITPOINT WARNING * * *
You block the black bear's attack. The black bear barely misses you.
The black bear claws you.
You die...
Your body crumbles into a pile of gold.

########...#.##
#.......#.
#...#.#
#########.
#...#.# ©
#...#.# .
####...#+#####
.
#............#
.
#............+
.
#............#.
.
#......@.......
#
#.......h......
.
#..............
.
#..............
.
#............#.
#
##############
# # .


You could see a black bear (berserk).

Vanquished Creatures
  Sigmund (D:2)
  An ogre (D:5)
  2 scorpions (D:5)
  A hound (D:5)
  2 iguanas (D:5)
  4 orc wizards (D:5)
  A hound zombie (D:5)
  A howler monkey zombie (D:5)
  2 adders
  A shadow imp (D:5)
  A white imp (D:5)
  2 worms
  4 dart slugs (D:1)
  6 orcs
  10 ball pythons
  7 bats
  5 endoplasms
  2 giant cockroaches
  4 goblins
  5 hobgoblins
  7 kobolds
  3 quokkas
  2 frilled lizards (D:1)
  4 rats
78 creatures vanquished.

Vanquished Creatures (others)
  An orc wizard (D:5)
  A fungus (D:2)
2 creatures vanquished.

Grand Total: 80 creatures vanquished

Notes
Turn   | Place    | Note
-------+----------+-------------------------------------------
     0 | D:1      | Descartes the Formicid Fighter began the quest for the Orb.
     0 | D:1      | Reached XP level 1. HP: 18/18 MP: 1/1
   169 | D:1      | You fall into a shaft and drop 1 floor!
   169 | D:2      | Found a blossoming altar of Fedhas.
   185 | D:2      | Reached XP level 2. HP: 23/24 MP: 2/2
   218 | D:2      | Found a faded altar of an unknown god.
   306 | D:2      | Found Opneat's Distillery.
   686 | D:1      | Reached XP level 3. HP: 29/29 MP: 4/4
   704 | D:1      | Reached skill level 1 in Spellcasting
  1082 | D:1      | Reached skill level 1 in Polearms
  1725 | D:2      | Noticed Sigmund
  1941 | D:2      | Killed Sigmund
  1942 | D:2      | Reached skill level 1 in Maces & Flails
  1942 | D:2      | Reached skill level 4 in Shields
  1942 | D:2      | Reached skill level 1 in Translocations
  1942 | D:2      | Reached XP level 4. HP: 13/35 MP: 4/6
  1942 | D:2      | Reached XP level 5. HP: 15/41 MP: 4/7
  1942 | D:2      | Reached XP level 6. HP: 17/47 MP: 4/8
  3425 | D:4      | Found a staircase to the Ecumenical Temple.
  3439 | Temple   | Entered the Ecumenical Temple
  4244 | D:4      | Found an opulent altar of Gozag.
  4252 | D:4      | Became a worshipper of Gozag Ym Sagoz the Greedy
  4258 | D:4      | Learned a level 3 spell: Teleport Other
  4298 | D:5      | Entered Level 5 of the Dungeon
  4529 | D:5      | Noticed an ogre
  4534 | D:5      | Killed an ogre
  4539 | D:5      | Reached XP level 7. HP: 48/52 MP: 10/10
  4675 | D:5      | Noticed Moto's ghost (novice MiBe)
  4676 | D:5      | Found a transporter.
  4677 | D:5      | Identified the +6 great mace "Killer Bee's Curse" {protect,
                  | rPois rC+ SInv}
  4682 | D:5      | Found a transporter.
  4948 | D:5      | Reached skill level 5 in Shields
  5201 | D:5      | HP: 1/52 [black bear (6)]
  5201 | D:5      | Slain by a black bear

Illustrated notes

Levels and vault maps discovered:
D:1:      minmay_arrival_three_doors, layout_basic, kennysheep_nondescript
D:2:      layout_basic, basic_altar, dreamdust_ecumenical_altar_grove,
          serial_shops, shop, uniq_sigmund
D:3:      layout_rooms, minmay_checkerbox
D:4:      layout_loops_ring, marbit_many_paths, temple_green,
          kennysheep_doodads, kennysheep_minor_cross
D:5:      layout_basic, grunt_temple_overflow_champion_of_chaos,
          gammafunk_ghost_smash
Temple:   nicolae_temple_hex_pool

Skill      XL: |  1  2  3  4  5  6  7 |
---------------+----------------------+-----
Spellcasting   | 1 2 |  2.8
Polearms       | 1 2 |  2.6
Maces & Flails | 1 2 |  2.6
Shields        | 4 5 |  5.0
Translocations | 1 2 |  2.5
Axes           | 3 |  3.6
Armour         | 4 |  4.6
Fighting       | |  3.2

Action                   |  1- 3 |  4- 6 |  7- 9 || total
-------------------------+-------+-------+-------++-------
Melee: War axe           |   107 |   137 |    85 ||   329
  Use: Potion            |     1 |       |       ||     1
 Stab: Distracted        |       |       |     1 ||     1
Armor: Scale mail        |    50 |    75 |    38 ||   163
Dodge: Dodged            |    48 |    77 |    41 ||   166
Block: Buckler           |    26 |    27 |    21 ||    74
